[Event "ICC tourney 2770 (30 10)"]
[Site "Internet Chess Club"]
[Date "2021.12.18"]
[Round "3"]
[White "JIANG, BRANDON:BranKing"]
[Black "YANG, KAIQI:YKQ"]
[Result "0-1"]
[ICCResult "White resigns"]
[WhiteElo "2115"]
[BlackElo "2531"]
[Opening "Sicilian: Nimzovich-Rubinstein variation"]
[ECO "B29"]
[NIC "SI.43"]
[Time "17:00:32"]
[PlyCount "124"]
[TimeControl "1800+10"]

1. e4 c5 2. Nf3 Nf6 3. d3 Nc6 4. g3 d5 5. Nbd2 dxe4 6. dxe4 b6 7. Bg2 Ba6 8.
c3 Qd7 9. Qa4 Bd3 10. Bf1 b5 11. Qa6 Bxf1 12. Kxf1 Rb8 13. Kg2 e6 14. c4 Nb4
15. Qa5 Be7 16. cxb5 O-O 17. a3 Rxb5 18. Qa4 Nd3 19. Rd1 Qb7 20. Nc4 Nxc1
21. Raxc1 Nxe4 22. Na5 Qa6 23. Qxe4 Qxa5 24. Ne5 Rxb2 25. Nc4 Qa4 26. Qd3
Qc6+ 27. Kg1 Rbb8 28. Ne5 Qb5 29. Qd7 Bf6 30. Nc6 Rb7 31. Qd6 c4 32. Nd4 Qd5
33. Qa6 Rd7 34. Nc2 Qxd1+ 35. Rxd1 Rxd1+ 36. Kg2 c3 37. Qxa7 Rd2 38. Qa4 Rb8
39. Kf3 h5 40. Ne3 Rbd8 41. Qc6 g6 42. a4 Ra2 43. Qc4 Rdd2 44. g4 Rxf2+ 45.
Ke4 hxg4 46. Nxg4 Rae2+ 47. Kd3 Rd2+ 48. Ke4 Rd4+ 49. Qxd4 Bxd4 50. Nxf2
Bxf2 51. Kd3 Kg7 52. a5 Kh6 53. Kxc3 Kh5 54. Kd3 Kh4 55. Ke2 Ba7 56. Kf3 f5
57. Kg2 e5 58. Kh1 e4 59. a6 f4 60. h3 Kg3 61. h4 e3 62. h5 e2 {White
resigns} 0-1

[Event "ICC tourney 2770 (30 10)"]
[Site "Internet Chess Club"]
[Date "2021.12.18"]
[Round "3"]
[White "VAKHIDOV, JAKHONGIR:TjkTiger"]
[Black "HEBDEN, MARK L:mhebden"]
[Result "1-0"]
[ICCResult "Black resigns"]
[WhiteElo "2602"]
[BlackElo "2505"]
[Opening "King's Indian: fianchetto with ...Nc6"]
[ECO "E62"]
[NIC "KI.72"]
[Time "17:00:48"]
[PlyCount "181"]
[TimeControl "1800+10"]

1. c4 g6 2. Nc3 Bg7 3. Nf3 Nf6 4. g3 O-O 5. Bg2 d6 6. d4 Nc6 7. O-O Rb8 8.
b3 a6 9. d5 Na5 10. Bg5 h6 11. Bd2 c5 12. dxc6 Nxc6 13. Qc1 Kh7 14. Rd1 Bf5
15. h3 Nd7 16. e4 Be6 17. Rb1 Rc8 18. a4 Nde5 19. Nxe5 Nxe5 20. Be1 f5 21.
f4 Nd7 22. Qe3 fxe4 23. Nxe4 Qb6 24. Qxb6 Nxb6 25. Bf2 Nd7 26. Re1 Bf5 27.
Rbd1 Rc7 28. Re2 b6 29. Rde1 Bxe4 30. Bxe4 Nc5 31. Bc2 e5 32. Rd1 Rf6 33.
fxe5 dxe5 34. h4 h5 35. Rxe5 Rxf2 36. Rxh5+ Kg8 37. Rxc5 bxc5 38. Kxf2 Bd4+
39. Kg2 Kg7 40. b4 Re7 41. bxc5 Bxc5 42. Rd5 Re2+ 43. Kf3 Rf2+ 44. Kg4 Be3
45. Bd3 Ra2 46. Kf3 Bg1 47. Rd7+ Kf6 48. Rd6+ Ke5 49. Rxa6 Ra3 50. Ra5+ Kf6
51. Rd5 Rxa4 52. Rd6+ Ke5 53. Rxg6 Ra2 54. Rg5+ Ke6 55. h5 Rh2 56. Rg6+ Ke5
57. h6 Bd4 58. Kg4 Be3 59. h7 Rxh7 60. Kf3 Bc1 61. c5 Rf7+ 62. Ke2 Ba3 63.
c6 Bc5 64. Rg5+ Kd4 65. Rg4+ Ke5 66. Rg5+ Kd4 67. Bf5 Re7+ 68. Kf3 Bd6 69.
Rg6 Bc7 70. Re6 Rg7 71. g4 Kd5 72. Rh6 Re7 73. g5 Bd6 74. Be4+ Ke5 75. g6
Ra7 76. Rh5+ Kf6 77. Rd5 Ke6 78. Rd3 Ke5 79. Rb3 Ra1 80. Rb5+ Kf6 81. Rf5+
Ke6 82. Rg5 Ra3+ 83. Ke2 Rg3 84. Rxg3 Bxg3 85. Kd3 Be5 86. Kc4 Kd6 87. Kb5
Bd4 88. Bf5 Kc7 89. Kc4 Bg7 90. Kd5 Bh6 91. Bd7 {Black resigns} 1-0

[Event "ICC tourney 2770 (30 10)"]
[Site "Internet Chess Club"]
[Date "2021.12.18"]
[Round "4"]
[White "Nguyen, Hoa Duc:leoman"]
[Black "HO, CARTER:corviknight"]
[Result "1-0"]
[ICCResult "Black checkmated"]
[WhiteElo "2465"]
[BlackElo "1978"]
[Opening "Sicilian: Pelikan, Chelyabinsk variation"]
[ECO "B30"]
[NIC "SI.37"]
[Time "19:00:31"]
[PlyCount "63"]
[TimeControl "1800+10"]

1. e4 c5 2. Nf3 Nc6 3. Nc3 Nf6 4. d4 cxd4 5. Nxd4 e5 6. Ndb5 d6 7. Bg5 a6 8.
Na3 b5 9. Nd5 Be7 10. Bxf6 Bxf6 11. c4 b4 12. Nc2 O-O 13. g3 a5 14. Bg2 Bg5
15. O-O Be6 16. Qd3 Rb8 17. Rad1 a4 18. b3 axb3 19. axb3 Bxd5 20. Qxd5 Ne7
21. Qxd6 Qxd6 22. Rxd6 Rfd8 23. Rfd1 Rxd6 24. Rxd6 f6 25. Bh3 Kf7 26. Kf1
Ra8 27. Be6+ Kg6 28. h4 Ra2 29. Nxb4 Ra1+ 30. Kg2 Bh6 31. Rd7 Nc8 32. Bf7#
{Black checkmated}
1-0

[Event "ICC tourney 2770 (30 10)"]
[Site "Internet Chess Club"]
[Date "2021.12.18"]
[Round "4"]
[White "LIANG, YU-CHENG:Yucheng"]
[Black "Belous, Vladimir:Openyagami"]
[Result "0-1"]
[ICCResult "White resigns"]
[WhiteElo "2036"]
[BlackElo "2567"]
[Opening "King's Indian: Averbakh system"]
[ECO "E73"]
[NIC "KI.26"]
[Time "19:00:19"]
[PlyCount "66"]
[TimeControl "1800+10"]

1. d4 Nf6 2. c4 g6 3. Nc3 Bg7 4. e4 O-O 5. Be2 d6 6. Bg5 Na6 7. Qd2 e5 8. d5
Nc5 9. f3 a5 10. Bd1 Bd7 11. Bc2 c6 12. a4 cxd5 13. Nxd5 Bc6 14. Nxf6+ Bxf6
15. Bxf6 Qxf6 16. Ne2 Qh4+ 17. g3 Qe7 18. Nc3 f5 19. O-O-O fxe4 20. fxe4 Rf6
21. Rhf1 Raf8 22. Qe2 Ne6 23. Rxf6 Qxf6 24. Qe3 Nd4 25. b3 Qf2 26. Qxf2 Rxf2
27. Rd2 Rf1+ 28. Rd1 Rf3 29. Rd3 Nxb3+ 30. Kb2 Nd4 31. Rxf3 Nxf3 32. h4 Kf7
33. Bd1 Nd2 {White resigns} 0-1

[Event "ICC tourney 2770 (30 10)"]
[Site "Internet Chess Club"]
[Date "2021.12.18"]
[Round "4"]
[White "AZAROV, SERGEI:Sergeiaza"]
[Black "MARKOVIC, GORAN:Goran21"]
[Result "1-0"]
[ICCResult "Black checkmated"]
[WhiteElo "2650"]
[BlackElo "1989"]
[Opening "Sicilian: Najdorf, 7...Be7 main line"]
[ECO "B99"]
[NIC "SI.09"]
[Time "19:00:09"]
[PlyCount "83"]
[TimeControl "1800+10"]

1. e4 c5 2. Nf3 d6 3. d4 cxd4 4. Nxd4 Nf6 5. Nc3 a6 6. Bg5 e6 7. f4 Be7 8.
Qf3 Qc7 9. O-O-O Nbd7 10. f5 e5 11. Nde2 b5 12. Bxf6 Nxf6 13. Nd5 Nxd5 14.
exd5 O-O 15. Ng3 b4 16. Bd3 a5 17. Kb1 a4 18. Qe4 f6 19. Qxb4 Bd7 20. c4
Rfb8 21. Qc3 Bd8 22. Rhf1 Qa7 23. Ne4 Ba5 24. Qc1 Bb4 25. c5 dxc5 26. Bc4
Kh8 27. g4 Rb6 28. Ka1 a3 29. b3 Rd8 30. Rd3 Bb5 31. Bxb5 Rxb5 32. Qc4 Qd7
33. d6 Ba5 34. Qe6 Qc6 35. d7 Qa8 36. Nd6 h6 37. Nf7+ Kh7 38. g5 fxg5 39.
Qg6+ Kg8 40. f6 Bc3+ 41. Rxc3 Qg2 42. Qxg7# {Black checkmated} 1-0

[Event "ICC tourney 2770 (30 10)"]
[Site "Internet Chess Club"]
[Date "2021.12.18"]
[Round "4"]
[White "YAN, RUIYANG:jy2020"]
[Black "HU, ALEXANDER C:ahu1015"]
[Result "1-0"]
[ICCResult "Black resigns"]
[WhiteElo "2151"]
[BlackElo "2009"]
[Opening "Sicilian: Kan, Maróczy bind (Réti variation)"]
[ECO "B28"]
[NIC "SI.43"]
[Time "19:00:50"]
[PlyCount "79"]
[TimeControl "1800+10"]

1. e4 c5 2. Nf3 a6 3. c4 e6 4. d4 cxd4 5. Nxd4 Qc7 6. Nc3 Nf6 7. a3 b6 8.
Be3 Bb7 9. f3 Be7 10. Be2 d6 11. Qd2 Nbd7 12. O-O O-O 13. Rac1 Rac8 14. Rfd1
Rfe8 15. b4 Qb8 16. Nb3 Qa8 17. Bf1 h5 18. Na4 Qa7 19. Qf2 Rc6 20. Na5 Bd8
21. Nxc6 Bxc6 22. Nc3 Bc7 23. Kh1 Ne5 24. a4 Qb8 25. Bd4 d5 26. cxd5 exd5
27. Nxd5 Bxd5 28. exd5 Nxd5 29. Qc2 Qb7 30. Bxe5 Bxe5 31. Qc6 Qxc6 32. Rxc6
Nxb4 33. Rxb6 a5 34. Re1 f6 35. f4 Nc2 36. Re4 Rd8 37. fxe5 Rd1 38. Kg1 f5
39. Re2 Nd4 40. Reb2 {Black resigns} 1-0

[Event "ICC tourney 2770 (30 10)"]
[Site "Internet Chess Club"]
[Date "2021.12.18"]
[Round "4"]
[White "DIEP, ANDREW:hydroblade"]
[Black "SRISHTI, PANDEY:Trisha018"]
[Result "0-1"]
[ICCResult "White forfeits on time"]
[WhiteElo "2031"]
[BlackElo "2200"]
[Opening "QGD semi-Slav: anti-Meran gambit"]
[ECO "D44"]
[NIC "SL.07"]
[Time "19:00:07"]
[PlyCount "68"]
[TimeControl "1800+10"]

1. d4 d5 2. c4 c6 3. Nf3 Nf6 4. Nc3 e6 5. Bg5 dxc4 6. e4 b5 7. e5 h6 8. Bh4
g5 9. Nxg5 hxg5 10. Bxg5 Nbd7 11. exf6 Qb6 12. g3 Bb7 13. Bg2 O-O-O 14. O-O
b4 15. Na4 Qa6 16. a3 b3 17. Nc3 c5 18. d5 Nb6 19. Qg4 Nxd5 20. Ne4 Nb6 21.
Rfd1 Bd5 22. Rd2 Qb7 23. Rad1 Rd7 24. Be3 c3 25. bxc3 Nc4 26. Nxc5 Nxe3 27.
Qd4 Bxc5 28. Qxc5+ Rc7 29. Qxe3 Bxg2 30. Qh6 Re8 31. Rd4 Bh1 32. Qh3 a5 33.
Qf1 b2 34. c4 Be4 {White forfeits on time} 0-1

[Event "ICC tourney 2770 (30 10)"]
[Site "Internet Chess Club"]
[Date "2021.12.18"]
[Round "4"]
[White "XIE, BRYAN:largecrab"]
[Black "JIANG, BRANDON:BranKing"]
[Result "1-0"]
[ICCResult "Black resigns"]
[WhiteElo "2078"]
[BlackElo "2115"]
[Opening "Queen's pawn"]
[ECO "A40"]
[NIC "QO.17"]
[Time "19:01:04"]
[PlyCount "67"]
[TimeControl "1800+10"]

1. d4 e6 2. Nf3 f5 3. Nc3 Nf6 4. Bg5 Be7 5. Bxf6 Bxf6 6. e4 d6 7. exf5 exf5
8. Bc4 c6 9. O-O d5 10. Re1+ Be7 11. Bd3 O-O 12. Qe2 Bd6 13. Rad1 Kh8 14.
Ne5 Nd7 15. Qh5 Bxe5 16. dxe5 Nc5 17. Ne2 Qb6 18. Nf4 Be6 19. Ng6+ Kg8 20.
Ne7+ Kh8 21. Re3 h6 22. Ng6+ Kg8 23. Nxf8 Rxf8 24. Rg3 Kh8 25. Qg6 Qc7 26.
b4 Nxd3 27. Rgxd3 Qc8 28. Rg3 Qd7 29. f4 Rg8 30. Rh3 Re8 31. Rdd3 Bg8 32.
Rdg3 Bh7 33. Rxh6 gxh6 34. Qf6+ {Black resigns} 1-0

[Event "ICC tourney 2770 (30 10)"]
[Site "Internet Chess Club"]
[Date "2021.12.18"]
[Round "4"]
[White "MATINIAN, NIKITA:gannikus1992"]
[Black "IVANOV, ALEXANDER:marble"]
[Result "1-0"]
[ICCResult "Black forfeits on time"]
[WhiteElo "2504"]
[BlackElo "2413"]
[Opening "Ruy Lopez: Anderssen variation"]
[ECO "C77"]
[NIC "RL.12"]
[Time "19:00:12"]
[PlyCount "69"]
[TimeControl "1800+10"]

1. e4 e5 2. Nf3 Nc6 3. Bb5 a6 4. Ba4 Nf6 5. d3 b5 6. Bb3 Bc5 7. O-O d6 8. c3
h6 9. Nbd2 O-O 10. Re1 Be6 11. Nf1 Bxb3 12. axb3 d5 13. exd5 Qxd5 14. b4 Bb6
15. Be3 Rfe8 16. Bxb6 cxb6 17. Ne3 Qd7 18. Qb3 Qe6 19. Qxe6 Rxe6 20. Nf5 a5
21. d4 e4 22. Nd2 Rae8 23. bxa5 Nxa5 24. h3 Nd5 25. g3 h5 26. Ne3 Nxe3 27.
fxe3 Rg6 28. Kh2 b4 29. c4 b3 30. c5 Rc6 31. Rec1 Nb7 32. Ra6 Rf6 33. Kg2
bxc5 34. Rxf6 gxf6 35. dxc5 {Black forfeits on time} 1-0

[Event "ICC tourney 2770 (30 10)"]
[Site "Internet Chess Club"]
[Date "2021.12.18"]
[Round "4"]
[White "VAKHIDOV, JAKHONGIR:TjkTiger"]
[Black "POPILSKI, GIL:kurumania"]
[Result "1-0"]
[ICCResult "Black resigns"]
[WhiteElo "2602"]
[BlackElo "2514"]
[Opening "English, Kramnik-Shirov counterattack"]
[ECO "A21"]
[NIC "EO.23"]
[Time "19:00:37"]
[PlyCount "67"]
[TimeControl "1800+10"]

1. c4 e5 2. Nc3 Bb4 3. Nd5 Be7 4. d4 d6 5. e4 Nc6 6. Ne2 exd4 7. Nxd4 Nf6 8.
Nxe7 Qxe7 9. f3 O-O 10. Be2 Nh5 11. O-O f5 12. Nxf5 Bxf5 13. exf5 Rxf5 14.
f4 Nf6 15. Bf3 h5 16. Qd3 g6 17. Bd2 Qf7 18. Bc3 Kh7 19. Rae1 Re8 20. Rxe8
Qxe8 21. Bxf6 Rxf6 22. Bxh5 Qf7 23. g3 Nb4 24. Qb3 Nc6 25. Bf3 Nd4 26. Qxb7
Qxc4 27. Bg2 Rf5 28. Qe4 d5 29. Qe7+ Kh6 30. Kh1 Ne2 31. Re1 Nxf4 32. gxf4
Qxf4 33. Qe3 Qxe3 34. Rxe3 {Black resigns} 1-0

[Event "ICC tourney 2770 (30 10)"]
[Site "Internet Chess Club"]
[Date "2021.12.18"]
[Round "4"]
[White "YANG, KAIQI:YKQ"]
[Black "PANESAR, VEDANT:fighter098"]
[Result "0-1"]
[ICCResult "White resigns"]
[WhiteElo "2531"]
[BlackElo "2429"]
[Opening "Ruy Lopez: 5.O-O"]
[ECO "C78"]
[NIC "RL.12"]
[Time "19:01:03"]
[PlyCount "100"]
[TimeControl "1800+10"]

1. e4 e5 2. Nf3 Nc6 3. Bb5 a6 4. Ba4 Nf6 5. O-O b5 6. Bb3 Bc5 7. a4 Rb8 8.
c3 d6 9. d4 Bb6 10. h3 O-O 11. axb5 axb5 12. Be3 Re8 13. Nbd2 h6 14. Re1 Bb7
15. Qb1 exd4 16. cxd4 Nb4 17. d5 c6 18. dxc6 Bxc6 19. Bd4 Rb7 20. Bc3 Bc5
21. Re2 Nh5 22. Nd4 Nf4 23. Re3 Qb6 24. N2f3 Rbe7 25. Bxb4 Bxd4 26. Nxd4
Qxd4 27. Bc3 Qc5 28. Qd1 Rxe4 29. Qg4 Nxh3+ 30. Qxh3 Rxe3 31. Qg4 Rxc3 32.
bxc3 Qxc3 33. Rb1 Be4 34. Qd7 Rf8 35. Bxf7+ Rxf7 36. Qe8+ Rf8 37. Qxe4 Qc5
38. Qe2 b4 39. g3 Kh8 40. Qd2 Rb8 41. Rb3 d5 42. Qf4 Rf8 43. Qd2 Rb8 44. Qf4
Qb6 45. Qf7 Rd8 46. Re3 Qf6 47. Re8+ Rxe8 48. Qxe8+ Kh7 49. Qb5 Qd4 50. Qd7
Qd3 {White resigns} 0-1

[Event "ICC tourney 2770 (30 10)"]
[Site "Internet Chess Club"]
[Date "2021.12.18"]
[Round "4"]
[White "FILIPOVICH, DAVID MICHAEL:dmfcan"]
[Black "Turcotte, Jonathan:JonnyTurgi"]
[Result "0-1"]
[ICCResult "White forfeits on time"]
[WhiteElo "2050"]
[BlackElo "2000"]
[Opening "Réti: King's Indian attack (Barcza system)"]
[ECO "A07"]
[NIC "RE.06"]
[Time "19:00:15"]
[PlyCount "72"]
[TimeControl "1800+10"]

1. Nf3 d5 2. g3 Nf6 3. Bg2 Bf5 4. c4 c6 5. cxd5 cxd5 6. Qb3 Nc6 7. Qxb7 Bd7
8. Qb3 e5 9. d3 Rb8 10. Qd1 Bb4+ 11. Nfd2 h5 12. O-O h4 13. Nf3 hxg3 14.
hxg3 Qc8 15. e4 Bh3 16. Ng5 Bxg2 17. Kxg2 Nd4 18. Nc3 Ne6 19. Rh1 Rxh1 20.
Qxh1 Qb7 21. f3 Ke7 22. exd5 Nxg5 23. Bxg5 Bxc3 24. bxc3 Qb2+ 25. Kh3 Rh8+
26. Bh4 g5 27. Qe1 Nd7 28. Rb1 Qxa2 29. c4 gxh4 30. gxh4 Qa6 31. Qb4+ Ke8
32. Qe1 Qf6 33. Qe4 Ke7 34. Rb7 Rh5 35. Qg4 Qf5 36. Rxa7 Kd6
{White forfeits on time}
0-1

[Event "ICC tourney 2770 (30 10)"]
[Site "Internet Chess Club"]
[Date "2021.12.18"]
[Round "4"]
[White "HEBDEN, MARK L:mhebden"]
[Black "SHEEHAN, ETHAN THOMAS:Chessking2008"]
[Result "1-0"]
[ICCResult "Black checkmated"]
[WhiteElo "2505"]
[BlackElo "2194"]
[Opening "Queen's Indian defense"]
[ECO "A47"]
[NIC "QP.06"]
[Time "19:01:02"]
[PlyCount "133"]
[TimeControl "1800+10"]

1. d4 Nf6 2. Nf3 b6 3. Bg5 Bb7 4. Nbd2 d5 5. e3 Nbd7 6. Ne5 h6 7. Bh4 a6 8.
c4 e6 9. cxd5 exd5 10. Nxd7 Qxd7 11. Bxf6 gxf6 12. Bd3 O-O-O 13. Qe2 a5 14.
O-O Bd6 15. Ba6 Rhg8 16. Bxb7+ Kxb7 17. Qf3 c6 18. Rac1 f5 19. Rc2 Rg6 20.
Rfc1 Rdg8 21. g3 Bc7 22. Nb1 h5 23. Nc3 Bb8 24. Ne2 h4 25. Nf4 Rh6 26. Kf1
Qe7 27. a3 Qe4 28. Ke2 hxg3 29. hxg3 Bxf4 30. Qxf4 Qxf4 31. exf4 Re8+ 32.
Kd3 b5 33. Re2 Re4 34. Rce1 Rh2 35. Rf1 a4 36. Rc2 Rh3 37. Rfc1 Rh6 38. Rc3
Rhe6 39. R3c2 Rh6 40. Re2 Rh2 41. Rxe4 fxe4+ 42. Ke3 Kc7 43. f5 Kd6 44. Rc2
Rh1 45. Rd2 f6 46. f3 exf3 47. Kxf3 Rf1+ 48. Kg4 c5 49. dxc5+ Kxc5 50. Rc2+
Kd6 51. Re2 d4 52. Re6+ Kd7 53. Re4 Rd1 54. Kh5 Rd2 55. Kg6 Rxb2 56. Rxd4+
Ke7 57. Re4+ Kf8 58. Kxf6 Rb3 59. g4 Rxa3 60. g5 Rd3 61. g6 Rd7 62. Re6 Ra7
63. Rb6 Ra8 64. g7+ Kg8 65. Kg6 a3 66. f6 a2 67. f7# {Black checkmated} 1-0

[Event "ICC tourney 2770 (30 10)"]
[Site "Internet Chess Club"]
[Date "2021.12.18"]
[Round "4"]
[White "Wan, Caleb:chess-caleb"]
[Black "Gaw, Chloe:HarleyQueen8"]
[Result "1-0"]
[ICCResult "Black resigns"]
[WhiteElo "2023"]
[BlackElo "1977"]
[Opening "Sicilian: Richter-Rauzer, Rauzer attack, 7...a6 defense, 8...Bd7"]
[ECO "B67"]
[NIC "SI.30"]
[Time "19:00:17"]
[PlyCount "123"]
[TimeControl "1800+10"]

1. e4 c5 2. Nf3 d6 3. d4 cxd4 4. Nxd4 Nf6 5. Nc3 Nc6 6. Bg5 e6 7. Qd2 a6 8.
O-O-O Bd7 9. f3 b5 10. Nxc6 Bxc6 11. Ne2 Be7 12. h4 h5 13. Kb1 Qb6 14. Nd4
Bd7 15. g3 a5 16. Bh3 b4 17. Rhe1 Rc8 18. f4 Qb7 19. Bg2 Qc7 20. e5 dxe5 21.
fxe5 Ng8 22. Bxe7 Nxe7 23. Qg5 g6 24. Be4 a4 25. Rf1 a3 26. Rxf7 Kxf7 27.
Qf6+ Kg8 28. Qxe7 Rh7 29. Qf6 Rg7 30. Nxe6 Bxe6 31. Qxe6+ Kh7 32. Qd5 Re8
33. e6 Qe7 34. Qxh5+ Kg8 35. Bxg6 Qf6 36. Bf7+ Rxf7 37. exf7+ Qxf7 38. Qxf7+
Kxf7 39. bxa3 bxa3 40. Rf1+ Kg6 41. Kc1 Rb8 42. Rf3 Ra8 43. Rd3 Kf5 44. Kd2
Kg4 45. c4 Rc8 46. Kc3 Rb8 47. Kd4 Rd8+ 48. Ke3 Re8+ 49. Kd2 Ra8 50. Rc3
Rd8+ 51. Kc2 Rb8 52. Rxa3 Rc8 53. Rc3 Ra8 54. a3 Rc8 55. c5 Rc6 56. Kb3 Kh5
57. a4 Kg4 58. Kb4 Rc8 59. c6 Rc7 60. a5 Kh5 61. Kb5 Kg4 62. Kb6 {Black
resigns} 1-0

[Event "ICC tourney 2770 (30 10)"]
[Site "Internet Chess Club"]
[Date "2021.12.18"]
[Round "5"]
[White "MARKOVIC, GORAN:Goran21"]
[Black "SRISHTI, PANDEY:Trisha018"]
[Result "1-0"]
[ICCResult "Black resigns"]
[WhiteElo "1989"]
[BlackElo "2200"]
[Opening "Ruy Lopez: exchange variation, 5.O-O"]
[ECO "C68"]
[NIC "RL.08"]
[Time "21:00:29"]
[PlyCount "43"]
[TimeControl "1800+10"]

1. e4 e5 2. Nf3 Nc6 3. Bb5 a6 4. Bxc6 dxc6 5. O-O Bd6 6. d4 exd4 7. Qxd4 f6
8. Rd1 Qe7 9. Nc3 Bg4 10. e5 fxe5 11. Qxg4 Nf6 12. Qh4 O-O-O 13. Bg5 h6 14.
Bxf6 gxf6 15. Ne4 Rdf8 16. Qh3+ Kb8 17. Nh4 Bb4 18. Ng6 Qg7 19. Nxf8 Rxf8
20. Qb3 Rg8 21. g3 Be7 22. Rd7 {Black resigns} 1-0

[Event "ICC tourney 2770 (30 10)"]
[Site "Internet Chess Club"]
[Date "2021.12.18"]
[Round "5"]
[White "IVANOV, ALEXANDER:marble"]
[Black "XIE, BRYAN:largecrab"]
[Result "1-0"]
[ICCResult "Black resigns"]
[WhiteElo "2413"]
[BlackElo "2078"]
[Opening "Sicilian defense"]
[ECO "B40"]
[NIC "SI.43"]
[Time "21:00:08"]
[PlyCount "45"]
[TimeControl "1800+10"]

1. e4 c5 2. Nf3 e6 3. g3 Nc6 4. Bg2 Be7 5. O-O e5 6. c3 Nf6 7. d4 d6 8. d5
Nb8 9. Nbd2 O-O 10. a4 b6 11. Re1 Ne8 12. Nc4 f5 13. exf5 Bxf5 14. Nfxe5
dxe5 15. d6 e4 16. dxe7 Qxe7 17. Qd5+ Qf7 18. Qxa8 Be6 19. Bf4 Nf6 20. Nd6
Qh5 21. Nxe4 Ng4 22. h3 Nxf2 23. Nxf2 {Black resigns} 1-0

[Event "ICC tourney 2770 (30 10)"]
[Site "Internet Chess Club"]
[Date "2021.12.18"]
[Round "5"]
[White "QUIRKE, JEFFREY L:PawnEatingZombi"]
[Black "SRIPADA, HAVISH:brilliantnessme"]
[Result "1/2-1/2"]
[ICCResult "Game drawn by mutual agreement"]
[WhiteElo "2006"]
[BlackElo "1925"]
[Opening "QGD: Charousek (Petrosian) variation"]
[ECO "D31"]
[NIC "QP.08"]
[Time "21:00:07"]
[PlyCount "75"]
[TimeControl "1800+10"]

1. d4 d5 2. c4 e6 3. Nc3 Be7 4. cxd5 exd5 5. Bf4 Nf6 6. e3 Bf5 7. Nge2 c6 8.
Ng3 Bg6 9. h4 h5 10. Bd3 Bxd3 11. Qxd3 g6 12. e4 dxe4 13. Ngxe4 Nd5 14. Be5
O-O 15. g4 hxg4 16. h5 Nd7 17. hxg6 Nxe5 18. gxf7+ Rxf7 19. dxe5 Nxc3 20.
Nd6 Bh4 21. Qg6+ Rg7 22. Qe6+ Kf8 23. bxc3 Qg5 24. Qf5+ Ke7 25. Nc8+ Rxc8
26. Qxc8 Qe3+ 27. Kd1 Qd3+ 28. Kc1 Qxc3+ 29. Kb1 Qb4+ 30. Kc2 Qe4+ 31. Kb3
Qd5+ 32. Kc2 Qe4+ 33. Kb3 Qd3+ 34. Kb2 Qb5+ 35. Kc2 Qc4+ 36. Kb2 Qb4+ 37.
Kc2 Qa4+ 38. Kb2 {Game drawn by mutual agreement} 1/2-1/2

[Event "ICC tourney 2770 (30 10)"]
[Site "Internet Chess Club"]
[Date "2021.12.18"]
[Round "5"]
[White "POPILSKI, GIL:kurumania"]
[Black "Nguyen, Hoa Duc:leoman"]
[Result "1-0"]
[ICCResult "Black forfeits on time"]
[WhiteElo "2514"]
[BlackElo "2465"]
[Opening "Sicilian: Scheveningen, classical main line"]
[ECO "B49"]
[NIC "SI.40"]
[Time "21:00:28"]
[PlyCount "71"]
[TimeControl "1800+10"]

1. e4 c5 2. Nf3 e6 3. d4 cxd4 4. Nxd4 Nc6 5. Nc3 Qc7 6. Be3 a6 7. Be2 Nf6 8.
O-O d6 9. f4 Be7 10. Qe1 O-O 11. Qg3 Nxd4 12. Bxd4 b5 13. a3 Bb7 14. Rae1 d5
15. Bxf6 Bxf6 16. e5 Be7 17. Bd3 f5 18. Ne2 Qb6+ 19. Kh1 d4 20. Qf2 Rad8 21.
c3 Qc6 22. Nxd4 Rxd4 23. cxd4 Bh4 24. Qc2 Bxe1 25. Qxc6 Bxc6 26. Rxe1 Rd8
27. Rc1 Bb7 28. Rd1 Rxd4 29. Be2 Rxd1+ 30. Bxd1 Bd5 31. b4 Kf7 32. Kg1 h6
33. h4 Ke7 34. Kf2 Kd7 35. g4 fxg4 36. Bxg4 {Black forfeits on time} 1-0

[Event "ICC tourney 2770 (30 10)"]
[Site "Internet Chess Club"]
[Date "2021.12.18"]
[Round "5"]
[White "Belous, Vladimir:Openyagami"]
[Black "PANESAR, VEDANT:fighter098"]
[Result "1-0"]
[ICCResult "Black resigns"]
[WhiteElo "2567"]
[BlackElo "2429"]
[Opening "English: four knights, Romanishin variation"]
[ECO "A28"]
[NIC "EO.05"]
[Time "21:00:28"]
[PlyCount "89"]
[TimeControl "1800+10"]

1. c4 Nf6 2. Nc3 e5 3. Nf3 Nc6 4. e3 Bb4 5. Qc2 Bxc3 6. Qxc3 Qe7 7. b3 d5 8.
d4 Ne4 9. Qb2 exd4 10. cxd5 Qb4+ 11. Bd2 Nxd2 12. Qxd2 Qxd2+ 13. Kxd2 dxe3+
14. fxe3 Ne7 15. Bb5+ Bd7 16. Bxd7+ Kxd7 17. Ne5+ Ke8 18. Rac1 Rd8 19. Rxc7
Rxd5+ 20. Nd3 Rd7 21. Rc4 Nc6 22. Ke2 Re7 23. Nb4 Re6 24. Rd1 Ke7 25. Nxc6+
Rxc6 26. Re4+ Re6 27. Red4 Re8 28. Rd7+ Kf8 29. Rxb7 Rxe3+ 30. Kf1 R3e7 31.
Rxe7 Kxe7 32. Re1+ Kd7 33. Rxe8 Kxe8 34. Ke2 Ke7 35. Ke3 f5 36. Kd4 Ke6 37.
b4 f4 38. h4 g6 39. Ke4 h6 40. Kxf4 Kd5 41. Kg4 Ke4 42. h5 g5 43. b5 Kd5 44.
Kf5 Kc5 45. Kg6 {Black resigns} 1-0

[Event "ICC tourney 2770 (30 10)"]
[Site "Internet Chess Club"]
[Date "2021.12.18"]
[Round "5"]
[White "SHAWKAT, SAIF:saif-shawkat"]
[Black "YAN, RUIYANG:jy2020"]
[Result "1/2-1/2"]
[ICCResult "White stalemated"]
[WhiteElo "1976"]
[BlackElo "2151"]
[Opening "Sicilian: Najdorf, Adams attack"]
[ECO "B90"]
[NIC "SI.14"]
[Time "21:00:11"]
[PlyCount "166"]
[TimeControl "1800+10"]

1. e4 c5 2. Nf3 d6 3. d4 cxd4 4. Nxd4 Nf6 5. Nc3 a6 6. h3 e5 7. Nde2 h5 8.
g3 Be6 9. Bg2 b5 10. O-O Be7 11. a4 b4 12. Nd5 Nbd7 13. Nxb4 Qc8 14. Nc3 Rb8
15. Nbd5 Nxd5 16. Nxd5 Bxd5 17. exd5 g6 18. Ra3 O-O 19. Rc3 Nc5 20. Be3 Qd7
21. b3 f5 22. f4 e4 23. Rc4 Bf6 24. Bd4 Bxd4+ 25. Qxd4 a5 26. Re1 Rbe8 27.
Rc3 Qd8 28. h4 Qb6 29. Kh2 Rb8 30. Bf1 Qb4 31. Qxb4 Rxb4 32. Rd1 Kf7 33. Kg1
Rc8 34. Rc4 Rxc4 35. Bxc4 Nxa4 36. Ra1 Nb6 37. Rxa5 Nxc4 38. bxc4 Rxc4 39.
Ra7+ Ke8 40. Rg7 Rxc2 41. Rxg6 Ke7 42. Re6+ Kd7 43. Rf6 e3 44. Kf1 Rf2+ 45.
Ke1 Rg2 46. Rf7+ Ke8 47. Rxf5 Rxg3 48. Rxh5 Rg2 49. Rh6 Kd7 50. Rh7+ Ke8 51.
Rh6 Kd7 52. f5 Rf2 53. Rf6 Rh2 54. Rh6 Rf2 55. Rf6 Rh2 56. Re6 Rxh4 57. f6
Rd4 58. Rxe3 Rxd5 59. Ke2 Rf5 60. Rf3 Rxf3 61. Kxf3 Ke6 62. Ke4 Kxf6 63. Kd5
Ke7 64. Kd4 Ke6 65. Ke4 d5+ 66. Kd4 Kd6 67. Kd3 Ke5 68. Ke3 d4+ 69. Kd3 Kd5
70. Kd2 Kc4 71. Kc2 Kc5 72. Kd3 Kd5 73. Kd2 Ke4 74. Ke2 d3+ 75. Kd2 Kd4 76.
Kd1 Ke3 77. Ke1 Ke4 78. Kd2 Kd4 79. Kd1 Kd5 80. Kd2 Kc4 81. Kd1 Kc3 82. Kc1
d2+ 83. Kd1 Kd3 {White stalemated} 1/2-1/2

[Event "ICC tourney 2770 (30 10)"]
[Site "Internet Chess Club"]
[Date "2021.12.18"]
[Round "5"]
[White "SHEEHAN, ETHAN THOMAS:Chessking2008"]
[Black "LIANG, YU-CHENG:Yucheng"]
[Result "1-0"]
[ICCResult "Black forfeits on time"]
[WhiteElo "2194"]
[BlackElo "2036"]
[Opening "Nimzo-Indian: classical, Pirc variation"]
[ECO "E39"]
[NIC "NI.21"]
[Time "21:00:29"]
[PlyCount "93"]
[TimeControl "1800+10"]

1. d4 Nf6 2. c4 e6 3. Nc3 Bb4 4. Qc2 c5 5. dxc5 O-O 6. a3 Bxc5 7. Nf3 Be7 8.
e4 d6 9. Bd3 Nbd7 10. O-O b6 11. b4 Bb7 12. Bf4 a6 13. Rfd1 Rc8 14. Qb3 Qc7
15. Rac1 Qb8 16. h3 Qa8 17. Qb1 Rfd8 18. Be3 Bc6 19. Nd2 h6 20. f4 Qb8 21.
Nb3 Ba8 22. Qb2 Bf8 23. Qf2 Bc6 24. a4 d5 25. cxd5 exd5 26. Bxa6 Rc7 27.
exd5 Ba8 28. b5 Nc5 29. Nxc5 Bxc5 30. Bxc5 Rxc5 31. a5 Rxc3 32. Rxc3 Ne4 33.
Qe3 Nxc3 34. Qxc3 bxa5 35. d6 Qb6+ 36. Qd4 Qxd4+ 37. Rxd4 a4 38. d7 a3 39.
Bc8 a2 40. Ra4 Bd5 41. b6 Kf8 42. b7 Bxb7 43. Bxb7 Rxd7 44. Bf3 Rd2 45. Ra7
g6 46. Kh2 h5 47. f5 {Black forfeits on time} 1-0